[Event "Titled Tuesday Blitz December 06 Early 2022"]
[White "Lenderman, Aleksandr"]
[Black "Corrales Jimenez, Fidel"]
[WhiteFideId "2021285"]
[BlackFideId "3506690"]
[WhiteElo "2607"]
[BlackElo "2541"]
[Result "1-0"]
[Round "04"]
[TimeControl "180+1"]
[Date "2022.12.06"]
[WhiteClock "0:01:11"]
[BlackClock "0:00:34"]

1. e4 c5 2. d4 cxd4 3. c3 dxc3 4. Nxc3 Nc6 5. Nf3 d6 6. Bc4 a6 7. e5 dxe5 8. Qxd8+ Nxd8 9. Nd5 Rb8 10. Nxe5 e6 11. Nc7+ Ke7 12. Be3 Kd6 13. Bf4 g5 14. Nxf7+ Ke7 15. Nxg5 Bg7 16. O-O-O e5 17. Rhe1 Nc6 18. Nf7 Bf5 19. Nxe5 Nxe5 20. Bxe5 Bxe5 21. Rxe5+ Kf6 22. f4 Rc8 23. Rd6+ Kg7 24. Ne8+ Kf8 25. Rxf5+ Kxe8 26. Re5+ Ne7 27. b3 b5 28. Rde6 Rc7 29. Rxa6 bxc4 30. Ra8+ Kf7 31. Rxh8 cxb3+ 32. Kb2 Kg7 33. Re8 Ng6 34. axb3 Kf7 35. g3 Rd7 36. Re2 h5 37. f5 Nf8 38. b4 Nh7 39. R8e5 Nf6 40. b5 Rb7 41. Kb3 Ng4 42. Rc5 Nf6 43. Kb4 Nd7 44. Rc6 Nb8 45. Rh6 Kg7 46. Ree6 Nd7 47. Reg6+ Kf8 48. Rh8+ Kf7 49. Rh7+ Kf8 50. Rgg7 1-0


[Site "https://www.chess.com"]

[Event "Titled Tuesday Blitz December 06 Early 2022"]
[White "Leve, Nitai"]
[Black "Yuan, Qingyu"]
[WhiteFideId "2006898"]
[BlackFideId "8609772"]
[WhiteElo "2144"]
[BlackElo "2359"]
[Result "1-0"]
[Round "04"]
[TimeControl "180+1"]
[Date "2022.12.07"]
[WhiteClock "0:00:08"]
[BlackClock "0:00:06"]

1. e4 e5 2. Nf3 Nc6 3. d4 exd4 4. c3 Nf6 5. e5 Nd5 6. cxd4 Bb4+ 7. Bd2 Bxd2+ 8. Qxd2 d6 9. Nc3 Nxc3 10. Qxc3 O-O 11. Bb5 Ne7 12. O-O c6 13. Bd3 h6 14. Rfe1 Bg4 15. Bc4 Qd7 16. Qa3 d5 17. Bf1 Rfe8 18. h3 Bxf3 19. Qxf3 Qf5 20. Qc3 Qg5 21. Re3 Nf5 22. Rf3 Nh4 23. Rg3 Qe7 24. Bd3 c5 25. Re1 Rac8 26. Bb1 Red8 27. b3 b6 28. dxc5 bxc5 29. Qd3 Ng6 30. e6 Nf8 31. exf7+ Qxf7 32. Rf3 Qh5 33. Rxf8+ Rxf8 34. Qh7+ Kf7 35. Re3 Qg5 36. Rf3+ Ke7 37. Re3+ Kd6 38. Qd3 Rfe8 39. Qa6+ Kd7 40. Qxa7+ Rc7 41. Qa4+ Kd6 42. Qxe8 Rd7 43. Qf8+ Kc7 44. Bf5 d4 45. Bxd7 dxe3 46. Qc8+ Kd6 47. Qc6+ Ke7 48. Qe6+ Kd8 49. fxe3 Qg3 50. Bc6 Qe1+ 51. Kh2 Qd2 52. Qd7+ Qxd7 53. Bxd7 Kxd7 54. Kg3 Kd6 55. Kf4 c4 56. bxc4 1-0


[Site "https://www.chess.com"]

[Event "Titled Tuesday Blitz December 06 Early 2022"]
[White "Lewicki, Miroslaw"]
[Black "Daneshvar, Bardiya"]
[WhiteFideId "1113380"]
[BlackFideId "12576468"]
[WhiteElo "2191"]
[BlackElo "2429"]
[Result "0-1"]
[Round "04"]
[TimeControl "180+1"]
[Date "2022.12.07"]
[WhiteClock "0:00:01"]
[BlackClock "0:00:50"]

1. g3 h5 2. Bg2 h4 3. gxh4 Rxh4 4. Nf3 Rh8 5. d4 d5 6. c4 c6 7. Nc3 Nf6 8. Ne5 e6 9. Qb3 Nbd7 10. Bf4 Nh5 11. Be3 Nxe5 12. dxe5 Qh4 13. cxd5 exd5 14. Nxd5 cxd5 15. Bxd5 Qb4+ 16. Bd2 Qxb3 17. Bxb3 Be6 18. Ba4+ Bd7 19. Bb3 g6 20. Rc1 Bc6 21. Rg1 Bh6 22. e6 Bxd2+ 23. Kxd2 fxe6 24. Rxg6 O-O-O+ 25. Ke3 Kb8 26. Bxe6 Rhe8 27. f4 Ng7 28. Rxg7 Rxe6+ 29. Kf2 Rd2 30. Re1 Rxb2 31. h4 Rxa2 32. f5 Rf6 33. Rg5 Be4 34. Ke3 Bxf5 35. Rf1 Re6+ 36. Kd4 Re4+ 37. Kc3 Bc8 38. h5 Raxe2 39. h6 Rh2 40. Rg6 Re6 41. Rxe6 Bxe6 42. Rf6 Bd7 43. Rf7 Kc7 44. h7 a5 45. Rg7 a4 46. Kb4 Rh4+ 47. Ka3 Rh3+ 48. Kb2 a3+ 49. Ka2 Kd6 50. Ka1 b5 51. Rg6+ Be6 52. Rg3 Rh1+ 53. Rg1 Rxg1# 0-1


[Site "https://www.chess.com"]

[Event "Titled Tuesday Blitz December 06 Early 2022"]
[White "Liu, Casper"]
[Black "Aradhya, Garg"]
[WhiteFideId "1454153"]
[BlackFideId "25006746"]
[WhiteElo "2217"]
[BlackElo "2278"]
[Result "0-1"]
[Round "04"]
[TimeControl "180+1"]
[Date "2022.12.07"]
[WhiteClock "0:00:26"]
[BlackClock "0:01:10"]

1. d4 d5 2. Bf4 c5 3. e3 cxd4 4. exd4 Nc6 5. c3 Bf5 6. Qa4 e6 7. Nd2 Bd6 8. Ba6 Qa5 9. Qxa5 Nxa5 10. Bxd6 bxa6 11. Ngf3 Nf6 12. O-O Ne4 13. Nxe4 Bxe4 14. Nd2 Bg6 15. Bc7 Nc6 16. Nb3 Ke7 17. Nc5 a5 18. Nb3 Rhc8 19. Bxa5 Rab8 20. Bb4+ Nxb4 21. cxb4 Rc2 22. Rfc1 Rxb4 23. Rxc2 Bxc2 24. Rc1 Bxb3 25. axb3 Rxb3 26. Rc7+ Kf6 27. Rxa7 Rxb2 28. g3 Rb4 29. f4 Rxd4 30. Kg2 h5 31. Kf3 Rd2 32. h4 Rd3+ 33. Kf2 Rb3 34. Rc7 Kg6 35. Rd7 Rb8 36. Ke3 Ra8 37. Kf3 Re8 38. g4 hxg4+ 39. Kxg4 Kf6 40. h5 g6 41. hxg6 Kxg6 42. Rd6 Kf6 43. Rd7 Rg8+ 44. Kf3 Ra8 45. Rb7 Kg6 46. Kg4 f5+ 47. Kf3 Ra3+ 48. Kf2 Kf6 49. Rh7 Rb3 50. Rd7 Rc3 51. Ke2 Ra3 52. Kf2 Ra6 53. Ke3 Ra4 54. Kf3 Re4 55. Rh7 e5 56. fxe5+ Kxe5 57. Rf7 f4 58. Re7+ Kd4 59. Rd7 Re8 60. Kxf4 Rf8+ 61. Kg3 Ke4 62. Re7+ Kd3 63. Rh7 d4 64. Rh2 Kc3 65. Rf2 Rg8+ 66. Kf3 Rf8+ 67. Ke2 Rxf2+ 68. Kxf2 d3 69. Ke1 Kc2 0-1


[Site "https://www.chess.com"]

[Event "Titled Tuesday Blitz December 06 Early 2022"]
[White "Liyanage, Ranindu Dilshan"]
[Black "Osinovsky, Stepan"]
[WhiteFideId "9915834"]
[BlackFideId "4157354"]
[WhiteElo "2199"]
[BlackElo "2222"]
[Result "0-1"]
[Round "04"]
[TimeControl "180+1"]
[Date "2022.12.07"]
[WhiteClock "0:00:18"]
[BlackClock "0:00:15"]

1. d4 Nf6 2. Nc3 g6 3. e4 d6 4. Nf3 a6 5. a4 Nbd7 6. Bc4 e6 7. Qe2 Bg7 8. e5 dxe5 9. dxe5 Ng8 10. Bg5 Ne7 11. O-O-O h6 12. Be3 b5 13. Ba2 Bb7 14. Bf4 Qb8 15. Ne4 Bc6 16. a5 Qb7 17. Rxd7 Bxd7 18. Nc5 Qc6 19. b4 Nd5 20. Bg3 Nxb4 21. Nxd7 Nxa2+ 22. Kb2 Nc3 23. Qe3 Na4+ 24. Ka1 Qxd7 25. h4 O-O-O 26. Qa7 Qc6 27. Rb1 Qc3+ 28. Ka2 Qxc2+ 29. Ka1 Qc3+ 30. Ka2 Qc6 31. Bf4 Rd3 32. Rc1 Qd5+ 33. Kb1 Rb3+ 34. Ka1 Ra3+ 35. Kb1 Qa2# 0-1


[Site "https://www.chess.com"]

[Event "Titled Tuesday Blitz December 06 Early 2022"]
[White "Lohani, Sujana"]
[Black "Skibbe, Willi"]
[WhiteFideId "12311987"]
[BlackFideId "4682190"]
[WhiteElo "1718"]
[BlackElo "2359"]
[Result "0-1"]
[Round "04"]
[TimeControl "180+1"]
[Date "2022.12.07"]
[WhiteClock "0:00:01"]
[BlackClock "0:00:27"]

1. d4 d5 2. Nf3 Nf6 3. c4 c6 4. e3 e6 5. Nc3 Nbd7 6. Be2 dxc4 7. Bxc4 b5 8. Bd3 a6 9. O-O c5 10. dxc5 Bxc5 11. Ne4 Be7 12. Bc2 Qc7 13. Bd2 Bb7 14. Nxf6+ Bxf6 15. Bb4 Bxb2 16. Bd6 Qc6 17. Rb1 Be5 18. Ba3 Bf6 19. e4 Be7 20. Bxe7 Kxe7 21. Qd2 f6 22. Rfc1 Qd6 23. Qe3 Rac8 24. Bb3 Rxc1+ 25. Rxc1 Rc8 26. Re1 Nc5 27. Bd1 Nd3 28. Rf1 Ne5 29. Nd4 Rd8 30. Nb3 Qxd1 0-1


[Site "https://www.chess.com"]

[Event "Titled Tuesday Blitz December 06 Early 2022"]
[White "Maksimovic, Bojan"]
[Black "Demin, Vladimir"]
[WhiteFideId "14408120"]
[BlackFideId "4167457"]
[WhiteElo "2462"]
[BlackElo "2563"]
[Result "1-0"]
[Round "04"]
[TimeControl "180+1"]
[Date "2022.12.07"]
[WhiteClock "0:00:09"]
[BlackClock "0:00:37"]

1. e4 e5 2. Nf3 Nc6 3. Bb5 Nge7 4. O-O a6 5. Ba4 g6 6. c3 Bg7 7. d4 exd4 8. cxd4 b5 9. Bc2 d6 10. d5 Ne5 11. Nxe5 dxe5 12. a4 Bb7 13. axb5 axb5 14. Rxa8 Qxa8 15. Nc3 Ba6 16. Bd3 b4 17. Qa4+ c6 18. Bxa6 bxc3 19. d6 Nc8 20. d7+ Kxd7 21. Rd1+ Nd6 22. bxc3 Rd8 23. Qc4 Ke7 24. Ba3 Qb8 25. Qxc6 Bf8 26. h4 Kf6 27. Be2 Kg7 28. h5 Kg8 29. h6 Nb7 30. Rxd8 Nxd8 31. Qf6 Bxh6 32. Bd6 Qc8 33. Bxe5 Kf8 34. Bd6+ Kg8 35. Be5 Kf8 36. Qh8+ Ke7 37. Bf6+ Kd7 38. Bg4+ Ne6 39. Bxe6+ fxe6 40. Qxh7+ Kd6 41. Qxh6 Qc4 42. Qf4+ Kd7 43. Qe5 Qe2 44. Qd4+ Ke8 45. g3 Kf7 46. Be5 Qe1+ 47. Kg2 Qe2 48. Qd7+ Kg8 49. Qe8+ Kh7 50. Qh8# 1-0


[Site "https://www.chess.com"]

[Event "Titled Tuesday Blitz December 06 Early 2022"]
[White "Martin, Lewis"]
[Black "Szyszylo, Rafal"]
[WhiteFideId "410551"]
[BlackFideId "1109626"]
[WhiteElo "2145"]
[BlackElo "1981"]
[Result "1-0"]
[Round "04"]
[TimeControl "180+1"]
[Date "2022.12.07"]
[WhiteClock "0:01:08"]
[BlackClock "0:01:07"]

1. e4 d6 2. d4 Nf6 3. Nc3 g6 4. Nf3 Bg7 5. Bc4 c6 6. Qe2 d5 7. exd5 Nxd5 8. O-O O-O 9. Re1 Nxc3 10. bxc3 Bg4 11. Qxe7 Bxf3 12. Bxf7+ Kh8 13. Qxd8 Rxd8 14. gxf3 Nd7 15. Kg2 c5 16. Be3 b6 17. Bd5 Rac8 18. Be6 Rc7 19. Bg5 Nf6 20. d5 h6 21. Bf4 Re7 22. Rad1 Nh5 23. Be5 Bxe5 24. Rxe5 Nf4+ 25. Kg3 Rxe6 26. Kxf4 Rf8+ 27. Ke4 Ref6 28. d6 Rd8 29. d7 Rff8 30. Re7 Kg8 31. Rd6 g5 32. Rg6+ Kh8 33. Rxh6+ Kg8 34. Rg6+ Kh8 35. Rxg5 Rf6 36. Re8+ Rf8 37. Rge5 Kg7 38. R5e7+ Kg8 39. Rxd8 Rxd8 40. Re8+ Kf7 41. Rxd8 1-0


[Site "https://www.chess.com"]

[Event "Titled Tuesday Blitz December 06 Early 2022"]
[White "Martinez Alcantara, Jose Eduardo"]
[Black "Goroshkov, Maksym"]
[WhiteFideId "3805662"]
[BlackFideId "14142716"]
[WhiteElo "2707"]
[BlackElo "2258"]
[Result "1-0"]
[Round "04"]
[TimeControl "180+1"]
[Date "2022.12.06"]
[WhiteClock "0:01:52"]
[BlackClock "0:01:24"]

1. e4 e5 2. Nf3 d6 3. Nc3 Nf6 4. Bc4 Be7 5. d3 O-O 6. h3 c5 7. Bg5 Nc6 8. Bxf6 Bxf6 9. Nd5 Be6 10. c3 Na5 11. Ne3 a6 12. Bd5 Bg5 13. Qe2 Bxe3 14. Qxe3 Bxd5 15. exd5 f5 16. b4 e4 17. Nd2 exd3 18. O-O b5 19. bxa5 Qxa5 20. Qxd3 Rae8 21. c4 b4 22. a3 Qb6 23. axb4 cxb4 24. Rfc1 a5 25. Nb3 Ra8 26. Ra4 g6 27. Rca1 Rfe8 28. Rxa5 Rxa5 29. Nxa5 Ra8 30. Nb3 Rxa1+ 31. Nxa1 Qa6 32. Nb3 Qa2 33. c5 dxc5 34. d6 c4 35. Qxc4+ Kg7 36. d7 Qa1+ 37. Nxa1 1-0


[Site "https://www.chess.com"]

[Event "Titled Tuesday Blitz December 06 Early 2022"]
[White "Martinez Reyes, Pedro Ramon"]
[Black "Rakhmatullaev, Almas"]
[WhiteFideId "3901807"]
[BlackFideId "14205793"]
[WhiteElo "2354"]
[BlackElo "2221"]
[Result "0-1"]
[Round "04"]
[TimeControl "180+1"]
[Date "2022.12.07"]
[WhiteClock "0:00:08"]
[BlackClock "0:01:13"]

1. f4 Nf6 2. Nf3 b5 3. e3 a6 4. a4 bxa4 5. Nc3 e6 6. Rxa4 Bb7 7. b3 Be7 8. Bd3 O-O 9. O-O d5 10. Ne5 c5 11. Bb2 Qb6 12. Ba1 Nc6 13. Ne2 Nb4 14. Ng3 Nxd3 15. Nxd3 Bc6 16. Ra2 Bb5 17. Nh5 Nxh5 18. Qxh5 g6 19. Qh6 f6 20. f5 Bxd3 21. cxd3 exf5 22. Ra4 Rf7 23. g4 Qxb3 24. Raf4 Qxd3 25. gxf5 g5 26. Rg4 Qxd2 27. h4 Qxe3+ 28. Rf2 Qh3 29. hxg5 Qxg4+ 30. Rg2 Qd1+ 31. Kh2 Bd6+ 32. Kh3 Qh1+ 33. Kg4 Qxg2+ 34. Kh5 Qh3# 0-1


[Site "https://www.chess.com"]

[Event "Titled Tuesday Blitz December 06 Early 2022"]
[White "Melaugh, Shane"]
[Black "Fernandez Hernandez, Gerardo"]
[WhiteFideId "2509580"]
[BlackFideId "2207400"]
[WhiteElo "2025"]
[BlackElo "2203"]
[Result "1-0"]
[Round "04"]
[TimeControl "180+1"]
[Date "2022.12.07"]
[WhiteClock "0:01:24"]
[BlackClock "0:00:09"]

1. e4 e6 2. c4 d5 3. cxd5 exd5 4. Qb3 c6 5. exd5 cxd5 6. d4 Nc6 7. Nf3 Nf6 8. Bd3 Bg4 9. Ne5 Bb4+ 10. Nc3 Bxc3+ 11. bxc3 O-O 12. Nxg4 Nxg4 13. O-O b6 14. h3 Nf6 15. Bg5 Qd6 16. Rae1 Rac8 17. Re3 h6 18. Bh4 Rfe8 19. Bg3 Qf8 20. Be5 Qe7 21. Bxf6 Qxf6 22. Qxd5 Rxe3 23. fxe3 Qg5 24. Qxf7+ Kh8 25. Qf8+ Rxf8 26. Rxf8# 1-0


[Site "https://www.chess.com"]

[Event "Titled Tuesday Blitz December 06 Early 2022"]
[White "Mendez Fortes, Eduardo Jesus"]
[Black "Buscar, Michael"]
[WhiteFideId "3502376"]
[BlackFideId "2603616"]
[WhiteElo "2307"]
[BlackElo "2010"]
[Result "0-1"]
[Round "04"]
[TimeControl "180+1"]
[Date "2022.12.07"]
[WhiteClock "0:00:05"]
[BlackClock "0:00:27"]

1. e4 c5 2. Nf3 Nc6 3. d4 cxd4 4. Nxd4 Nf6 5. Nc3 e5 6. Ndb5 h6 7. Nd5 Nxd5 8. exd5 a6 9. dxc6 axb5 10. cxd7+ Bxd7 11. Qd5 Qc7 12. Bd2 Bc6 13. Bxb5 Rd8 14. Bxc6+ bxc6 15. Qc4 Be7 16. O-O-O Rd4 17. Qb3 O-O 18. Bc3 Rb8 19. Bxd4 Rxb3 20. Bxe5 Bg5+ 21. Kb1 Qxe5 22. axb3 Bf6 23. c3 c5 24. f3 Qe2 25. Rhg1 Qb5 26. Kc2 h5 27. Rd2 h4 28. Re1 h3 29. gxh3 Qb8 30. Re4 Qc8 31. Rd5 Qxh3 32. Rxc5 Qxf3 33. Rc8+ Kh7 34. Rce8 g5 35. b4 g4 36. Re2 Bh4 37. Kb3 f5 38. b5 f4 39. Kb4 g3 40. hxg3 fxg3 41. R8e3 Qf6 42. Re4 Qg5 43. Rg2 Kg6 44. b6 Qd5 45. Rge2 Bd8 46. Rd4 Qc6 47. Kb3 Bxb6 48. Rg4+ Kf5 49. Rc4 Qb5+ 50. Rb4 Qxe2 51. Rxb6 g2 52. Rb4 g1=Q 53. Rd4 Qb5+ 54. Kc2 Qxd4 0-1


[Site "https://www.chess.com"]

[Event "Titled Tuesday Blitz December 06 Early 2022"]
[White "Mgeladze, Tamaz"]
[Black "Manon-og, Ramon Jr."]
[WhiteFideId "13601202"]
[BlackFideId "5200776"]
[WhiteElo "2288"]
[BlackElo "2349"]
[Result "0-1"]
[Round "04"]
[TimeControl "180+1"]
[Date "2022.12.07"]
[WhiteClock "0:00:03"]
[BlackClock "0:00:19"]

1. c4 Nf6 2. Nc3 g6 3. g3 Bg7 4. Bg2 c6 5. Qb3 O-O 6. Nf3 d5 7. d3 d4 8. Na4 Na6 9. O-O Re8 10. a3 Qc7 11. Bf4 e5 12. Bg5 b5 13. cxb5 cxb5 14. Qxb5 Rb8 15. Qc4 Qxc4 16. dxc4 Bd7 17. Nxe5 Bxa4 18. Nd3 Rxe2 19. b4 Rc2 20. c5 Bb5 21. Rfd1 Re8 22. Bf1 Ne4 23. a4 Bc4 24. Bf4 Nc3 25. Rdc1 Ne2+ 26. Bxe2 Rexe2 27. Rxc2 Bxd3 28. Rxe2 Bxe2 29. Rb1 d3 30. Bd2 Bd4 31. Rc1 Kf8 32. Kg2 Ke7 33. c6 Nc7 34. b5 Bb2 35. Bb4+ Ke6 36. Rc4 d2 37. Re4+ Kd5 38. Rxe2 d1=Q 39. Rd2+ Qxd2 40. Bxd2 Kc4 41. Bf4 Nd5 42. c7 Nxc7 43. Bxc7 Kb4 44. b6 axb6 45. Bxb6 Kxa4 46. Kf3 Kb5 47. Be3 Kc6 48. Ke4 Kd6 49. g4 Ke6 50. h4 Be5 51. h5 f5+ 52. gxf5+ gxf5+ 53. Kf3 Bd6 54. Kg2 f4 55. Bd4 Kf5 56. Kf3 Kg5 57. Bc3 Kxh5 58. Ke4 Kg4 59. f3+ Kg3 60. Bf6 h5 61. Kd5 Bb8 62. Ke4 h4 0-1


[Site "https://www.chess.com"]

[Event "Titled Tuesday Blitz December 06 Early 2022"]
[White "Mihailidis, Anastasios"]
[Black "Osmonbekov, Talaibek"]
[WhiteFideId "4205588"]
[BlackFideId "2017253"]
[WhiteElo "2312"]
[BlackElo "2135"]
[Result "1/2-1/2"]
[Round "04"]
[TimeControl "180+1"]
[Date "2022.12.07"]
[WhiteClock "0:00:06"]
[BlackClock "0:00:22"]

1. e4 c5 2. Nf3 d6 3. d4 cxd4 4. Nxd4 Nf6 5. f3 g6 6. c4 Nc6 7. Nc3 Bg7 8. Be3 O-O 9. Be2 Nd7 10. O-O a5 11. Qd2 Nc5 12. Rac1 Ne6 13. Ncb5 Nexd4 14. Nxd4 Nxd4 15. Bxd4 Bxd4+ 16. Qxd4 b6 17. Rfd1 Qc7 18. b3 Be6 19. f4 Qc5 20. Qxc5 bxc5 21. Bf3 Rab8 22. e5 dxe5 23. fxe5 a4 24. Rc3 Rb4 25. Bd5 Rd8 26. Rcd3 axb3 27. axb3 Rdb8 28. Bxe6 fxe6 29. Rd7 Kf7 30. Rc7 R8b7 31. Rf1+ Kg7 32. Rxc5 Rxb3 33. Rc6 R3b6 34. Rc8 Rb2 35. Rcf8 Rc2 36. R8f2 Rxc4 37. Rf7+ Kh6 38. R1f3 Rc1+ 39. Kf2 Rb2+ 40. Ke3 Re1+ 41. Kf4 Rb4+ 42. Kg3 Rxe5 43. Rxe7 Rg5+ 44. Kh3 e5 45. g3 Rb2 46. g4 Rb4 47. Rff7 Rgxg4 48. Rxh7+ Kg5 49. Rxe5+ Kf6 50. Re3 Rgf4 51. Rg3 Rf5 52. Rh8 Rh5+ 53. Rxh5 gxh5 54. Rf3+ Kg5 55. Rg3+ Rg4 56. Ra3 Rh4+ 57. Kg3 Rg4+ 58. Kh3 Rh4+ 59. Kg2 Rg4+ 60. Kh3 1/2-1/2


[Site "https://www.chess.com"]

[Event "Titled Tuesday Blitz December 06 Early 2022"]
[White "Mikaelyan, Arman"]
[Black "Fecker, Noah"]
[WhiteFideId "13304852"]
[BlackFideId "1334263"]
[WhiteElo "2456"]
[BlackElo "2291"]
[Result "0-1"]
[Round "04"]
[TimeControl "180+1"]
[Date "2022.12.07"]
[WhiteClock "0:00:01"]
[BlackClock "0:00:09"]

1. d4 d5 2. Nf3 Nf6 3. Bf4 Bf5 4. e3 e6 5. Bd3 Bg6 6. Ne5 Bd6 7. Nd2 O-O 8. h4 c5 9. Ndf3 Nc6 10. c3 Bxd3 11. Qxd3 Ne4 12. h5 f6 13. Nxc6 bxc6 14. h6 g5 15. Bxd6 Qxd6 16. Nd2 Nxd2 17. Qxd2 Rab8 18. O-O-O cxd4 19. exd4 c5 20. dxc5 Qxc5 21. Rhe1 Rb6 22. Re2 Rfb8 23. Qd3 Qf8 24. Qh3 Qf7 25. Rde1 Qg6 26. b3 e5 27. Qd7 Qf7 28. Qf5 Rc6 29. Kb2 Rbc8 30. Re3 Qg6 31. Qd7 Qf7 32. Qg4 d4 33. cxd4 Rc2+ 34. Kb1 Qc7 35. Qe6+ Qf7 36. Qf5 Qc7 37. Qe6+ Qf7 38. Qxf7+ Kxf7 39. dxe5 Rxf2 40. e6+ Ke7 41. Rd1 Rc7 42. g4 Rh2 43. b4 Rxh6 0-1


[Site "https://www.chess.com"]

[Event "Titled Tuesday Blitz December 06 Early 2022"]
[White "Mikhailovsky, Vladimir"]
[Black "Gong, Qianyun"]
[WhiteFideId "34105414"]
[BlackFideId "8602425"]
[WhiteElo "2295"]
[BlackElo "2199"]
[Result "1-0"]
[Round "04"]
[TimeControl "180+1"]
[Date "2022.12.07"]
[WhiteClock "0:01:03"]
[BlackClock "0:00:37"]

1. d4 d5 2. c4 c6 3. Nf3 Nf6 4. Qb3 dxc4 5. Qxc4 Bf5 6. g3 e6 7. Bg2 Nbd7 8. O-O Be7 9. e3 O-O 10. Nc3 b5 11. Qe2 b4 12. Na4 Be4 13. b3 Nb6 14. Nb2 Nfd5 15. Bd2 Nc3 16. Bxc3 bxc3 17. Nc4 Qd5 18. Rfc1 Nxc4 19. bxc4 Qa5 20. Ne5 Bxg2 21. Kxg2 Rfc8 22. c5 Rab8 23. Qc4 f6 24. Qxe6+ 1-0


[Site "https://www.chess.com"]

[Event "Titled Tuesday Blitz December 06 Early 2022"]
[White "Miszler, Levente"]
[Black "Tasev, Dejan"]
[WhiteFideId "763276"]
[BlackFideId "936618"]
[WhiteElo "2176"]
[BlackElo "2253"]
[Result "0-1"]
[Round "04"]
[TimeControl "180+1"]
[Date "2022.12.07"]
[WhiteClock "0:00:13"]
[BlackClock "0:00:22"]

1. Nf3 Nf6 2. c4 g6 3. g3 Bg7 4. Bg2 O-O 5. O-O b6 6. d4 Bb7 7. Nc3 e6 8. d5 exd5 9. cxd5 d6 10. e4 Re8 11. Re1 a5 12. Qc2 Na6 13. Be3 Nc5 14. Bd4 Nfd7 15. Bxg7 Kxg7 16. Nd4 Qf6 17. Rad1 Ba6 18. f4 Bb7 19. Nc6 Ba6 20. e5 dxe5 21. fxe5 Nxe5 22. Rf1 Bxf1 23. Rxf1 Qg5 24. Qf2 Ncd3 25. Qd4 f6 26. Ne4 Nxc6 27. dxc6 Rxe4 28. Bxe4 Ne5 29. Bg2 Rf8 30. Rd1 Rf7 31. Qe4 Qg4 32. Qxg4 Nxg4 33. Rd7 Ne5 34. Rd8 f5 35. Bd5 Re7 36. Rc8 Kf6 37. Kf2 Nd3+ 38. Kf3 Nxb2 39. Bb3 Nd3 40. Rd8 Ne5+ 41. Kf2 Nxc6 42. Bd5 Nxd8 0-1


[Site "https://www.chess.com"]

[Event "Titled Tuesday Blitz December 06 Early 2022"]
[White "Mkrtchian, Lilit"]
[Black "Atakishiyev, Elmar"]
[WhiteFideId "13300601"]
[BlackFideId "13410547"]
[WhiteElo "2316"]
[BlackElo "2193"]
[Result "0-1"]
[Round "04"]
[TimeControl "180+1"]
[Date "2022.12.07"]
[WhiteClock "0:00:04"]
[BlackClock "0:00:49"]

1. Nf3 Nf6 2. g3 d5 3. Bg2 e6 4. O-O Be7 5. d3 O-O 6. a4 b6 7. a5 c5 8. axb6 Qxb6 9. e4 Bb7 10. e5 Nfd7 11. Re1 Nc6 12. Nc3 Rfc8 13. Na4 Qc7 14. Bf4 Nd4 15. h4 Nxf3+ 16. Qxf3 Rab8 17. Qg4 d4 18. b3 Bxg2 19. Kxg2 Nb6 20. h5 Nd5 21. Bh6 g6 22. Bg5 Nb4 23. Re2 Qb7+ 24. f3 Bxg5 25. Qxg5 Qd5 26. Rh1 Qd8 27. Qh6 Qf8 28. Qf4 Nd5 29. Qh4 Qg7 30. hxg6 fxg6 31. Nb2 Ne3+ 32. Rxe3 dxe3 33. Nc4 e2 34. Qe4 Rf8 35. Qxe2 Rf5 36. Qe4 Rbf8 37. f4 g5 38. Nd6 gxf4 39. Rh3 Rxe5 40. Qf3 fxg3 41. Rxg3 Rxf3 42. Rxg7+ Kxg7 43. Kxf3 h5 44. Nc4 Rg5 45. Nd2 h4 46. Ne4 Rg6 47. Nf2 Kf6 48. Nh3 Rg3+ 49. Kf4 Rxh3 0-1


[Site "https://www.chess.com"]

[Event "Titled Tuesday Blitz December 06 Early 2022"]
[White "Moskvin, Anatoly"]
[Black "Matinian, Nikita"]
[WhiteFideId "24199990"]
[BlackFideId "24129100"]
[WhiteElo "2104"]
[BlackElo "2422"]
[Result "0-1"]
[Round "04"]
[TimeControl "180+1"]
[Date "2022.12.07"]
[WhiteClock "0:00:03"]
[BlackClock "0:00:33"]

1. e4 c5 2. Nf3 d6 3. d4 cxd4 4. Nxd4 Nf6 5. f3 Nc6 6. c4 Qb6 7. Nc2 g6 8. Nc3 h5 9. Rb1 h4 10. Be3 Qa5 11. b4 Qh5 12. Be2 Bh6 13. Nb5 Kf8 14. Nc7 Rb8 15. Bf2 Qg5 16. b5 Ne5 17. g3 Nh5 18. f4 Nxf4 19. gxf4 Qxf4 20. Bxa7 Qxe4 21. Rf1 Bh3 22. Qd4 Qxc2 23. Rd1 Bxf1 24. Kxf1 Rc8 25. Bb6 Qf5+ 26. Ke1 h3 27. c5 dxc5 28. Bxc5 Kg7 29. Nd5 Rhd8 30. Nxe7 Qg5 31. Qxd8 Rxd8 32. Rxd8 Qc1+ 33. Kf2 Qxc5+ 0-1


[Site "https://www.chess.com"]

[Event "Titled Tuesday Blitz December 06 Early 2022"]
[White "Movahed, Sina"]
[Black "Caruana, Fabiano"]
[WhiteFideId "42520835"]
[BlackFideId "2020009"]
[WhiteElo "2225"]
[BlackElo "2847"]
[Result "0-1"]
[Round "04"]
[TimeControl "180+1"]
[Date "2022.12.06"]
[WhiteClock "0:00:10"]
[BlackClock "0:00:13"]

1. e4 e5 2. Nf3 Nc6 3. Bb5 a6 4. Ba4 d6 5. O-O Bd7 6. c3 Nf6 7. Re1 g6 8. d4 Bg7 9. h3 O-O 10. Nbd2 Re8 11. Bc2 b5 12. Nf1 Na5 13. Bg5 h6 14. Bh4 c5 15. dxe5 dxe5 16. Ne3 Bc6 17. Qe2 Qc8 18. Bxf6 Bxf6 19. Rad1 Bg7 20. b4 Nb7 21. Nd5 Rb8 22. Qe3 Bxd5 23. exd5 cxb4 24. d6 Qxc3 25. d7 Red8 26. Qe2 Nc5 27. Rc1 Qb2 28. Qe3 Nxd7 29. Bb3 a5 30. Rc2 Qa3 31. Nd2 a4 32. Nb1 axb3 33. Nxa3 bxc2 34. Nxc2 Bf8 35. Rb1 Nb6 36. Nxb4 Bxb4 37. Rxb4 Nd5 38. Qb3 Nxb4 39. Qxb4 Rd4 40. Qc5 Re4 41. Kf1 Rd8 42. g3 b4 43. Kg2 Re2 44. Qxb4 Rxa2 45. Qe7 Rdd2 46. Qe8+ Kg7 47. Qxe5+ Kh7 48. Qf6 Rxf2+ 49. Qxf2 Rxf2+ 50. Kxf2 Kg7 51. Ke3 Kf6 52. Kf4 Ke6 53. Ke4 f5+ 54. Kd4 Kd6 55. h4 Ke6 56. Kd3 Kd5 57. Ke3 Ke5 58. Kf3 g5 59. hxg5 hxg5 60. Ke3 g4 61. Kd3 f4 62. Ke2 f3+ 63. Ke3 Kd5 64. Kf2 Kd4 65. Kf1 Kd3 66. Kf2 Ke4 67. Kf1 Kd4 68. Kf2 Kd3 69. Kf1 Ke3 70. Ke1 Ke4 71. Kf2 Kd4 72. Kf1 Kd3 73. Kf2 Kd2 74. Kf1 Ke3 75. Ke1 f2+ 76. Kf1 Kd3 77. Kxf2 Kd2 78. Kf1 Ke3 79. Kg1 Kf3 80. Kh2 Kf2 81. Kh1 Kxg3 82. Kg1 Kh3 83. Kh1 g3 84. Kg1 g2 85. Kf2 Kh2 0-1


[Site "https://www.chess.com"]

[Event "Titled Tuesday Blitz December 06 Early 2022"]
[White "Mrudul Dehankar"]
[Black "Hristodoulou, Panagiotis"]
[WhiteFideId "25096990"]
[BlackFideId "4214340"]
[WhiteElo "2139"]
[BlackElo "2272"]
[Result "0-1"]
[Round "04"]
[TimeControl "180+1"]
[Date "2022.12.07"]
[WhiteClock "0:00:03"]
[BlackClock "0:00:44"]

1. e4 e5 2. Nf3 Nc6 3. Bb5 g6 4. c3 a6 5. Ba4 Bg7 6. d4 exd4 7. cxd4 b5 8. Bb3 Nge7 9. O-O O-O 10. Nc3 d6 11. h3 Bb7 12. Re1 Na5 13. Bc2 c5 14. d5 Re8 15. Rb1 Rc8 16. Bf4 Nc4 17. Qc1 Qd7 18. Bh6 Bh8 19. Qf4 Rcd8 20. Ng5 Nc8 21. Bd3 Nxb2 22. Rxb2 Bxc3 23. Qh4 f6 24. Ne6 Rxe6 25. dxe6 Qxe6 26. Ree2 Bxb2 27. Rxb2 Ne7 28. Be3 Nc6 29. f4 Nb4 30. f5 Qe5 31. Rd2 Nxd3 32. Rxd3 Qxe4 0-1


[Site "https://www.chess.com"]